 Dungeon Crawl Stone Soup version 0.28.0-43-g3370ac3207 (webtiles) character file.

Game seed: 278768563327233000

2455 graymark the Skirmisher (level 9, -10/82 (85) HPs)
             Began as a Naga Chaos Knight on Mar 2, 2022.
             Was a Plaything of Xom.
             Killed from afar by an acid dragon (18 damage)
             ... with a splash of acid
             ... on level 6 of the Dungeon.
             The game lasted 00:20:04 (7389 turns).

graymark the Skirmisher (Naga Chaos Knight)         Turns: 7389, Time: 00:20:05

HP:   -10/82 (85)   AC:  9    Str: 21      XL:     9   Next: 50%
MP:   9/9           EV:  9    Int: 13      God:    Xom [...*..]
Gold: 1045          SH:  0    Dex:  7 (9)  Spells: 8/8 levels left

rFire   . . .      SeeInvis +   a - +0 spear (chaos)
rCold   + + .      Faith    .   (no shield)
rNeg    . . .      Spirit   .   o - +2 ring mail of Cotoaj {Str+3 Stlth+}
rPois   +          Reflect  .   (helmet restricted)
rElec   .          Harm     .   (no cloak)
rCorr   .          Rampage  .   e - +0 pair of gloves
Will    +....      Rage     1%  (no barding)
Stlth   +++.......              (no amulet)
HPRegen 0.23/turn               c - ring of protection from cold
MPRegen 0.11/turn               A - ring of protection from cold

@: lightly drained, unable to read, very slow
A: AC +3, large, see invisible, deformed body, poison resistance, slowness 2,
spit poison 1, naga tail 1, antennae 1, berserk 1, clumsy 1, deterioration 1,
inability to read while threatened
a: Spit Poison, Renounce Religion


You were on level 6 of the Dungeon.
You worshipped Xom.
You were a favourite toy of Xom.
You visited 1 branch of the dungeon, and saw 6 of its levels.

You collected 1045 gold pieces.

Inventory:

Hand Weapons
 a - a +0 spear of chaos (weapon)
 g - a +2 morningstar of chaos
 h - a +2 dagger of speed
 l - a +0 hunting sling
 t - a +0 trident
 B - a +0 short sword
Missiles
 m - 22 sling bullets
Armour
 b - a +2 leather armour
 e - a +0 pair of gloves (worn)
 o - the +2 ring mail of Cotoaj (worn) {Str+3 Stlth+}
   (You found it on level 2 of the Dungeon)

   Str:       It affects your strength (+3).
   Stlth:     It makes you more stealthy.
Jewellery
 c - a ring of protection from cold (left hand)
 j - a ring of fire
 A - a ring of protection from cold (right hand)
Wands
 q - a wand of paralysis (2)
Scrolls
 i - a scroll of summoning {unknown}
 k - a scroll of vulnerability {unknown}
 n - a scroll of enchant weapon {unknown}
 p - a scroll of blinking {unknown}
 r - a scroll of fear {unknown}
 v - a scroll of torment {unknown}
 y - a scroll of immolation {unknown}
 z - 2 scrolls of teleportation {unknown}
Potions
 f - a potion of attraction
 s - a potion of haste {unknown}
 u - a potion of invisibility {unknown}
 w - 2 potions of flight


   Skills:
 * Level 6.6 Fighting
 * Level 6.6 Polearms
 * Level 5.0 Armour
 * Level 4.9 Dodging
 + Level 6.3 Stealth


You had 8 spell levels left.
You didn't know any spells.
Your spell library contained the following spells:

 Spells                   Type           Power      Damage    Failure   Level
 Conjure Flame            Conj/Fire      0%         6-21      82%         3
 Ignite Poison            Fire/Tmut/Pois 0%         N/A       82%         3
 Tukima's Dance           Hex            0%         N/A       82%         3
 Anguish                  Hex/Necr       0%         N/A       99%         4
 Sticky Flame             Conj/Fire      0%         2d3       99%         4
 Enfeeble                 Hex            0%         N/A       100%        7


Dungeon Overview and Level Annotations

Branches:
Dungeon (6/15)             Temple (0/1) D:5

Altars:
Xom

Annotations:
D:5 exclusion: downstairs


Innate Abilities, Weirdness & Mutations

Your serpentine skin is tough. (AC +3)
You have supernaturally acute eyesight. (SInv)
Armour fits poorly on your strangely shaped body.
Your system is resistant to poisons. (rPois)
You cover ground very slowly.
You can spit poison.
You have a snake-like lower body.
You have a pair of small antennae on your head.
You tend to lose your temper in combat.
You are clumsy. (Dex -2)
Your body sometimes deteriorates upon taking damage.
You sometimes lose the ability to read scrolls when taking damage.


Message History

The acid dragon bites you. The acid dragon barely misses you.
You hit the acid dragon.
The acid dragon is moderately wounded.
The necrophage closely misses you. The acid dragon barely misses you. x2
You hit the acid dragon but do no damage.
The acid dragon is poisoned.
The acid dragon is moderately wounded. "Heh heh heh..."
You are confused.
You are now a favourite toy of Xom.
The necrophage hits you.
An ice beast comes into view.
The acid dragon bites you!!
You feel threatened and lose the ability to read scrolls!
Your body deteriorates!
You feel clumsy. The acid dragon claws you.
Your magical effects are unravelling.
You feel magically purged.
You feel less confused. The necrophage misses you.
The acid dragon barely misses you. The acid dragon claws you.
Okay, then.
The necrophage hits you but does no damage.
The necrophage hits you.
You feel drained.
* * * LOW HITPOINT WARNING * * *
The necrophage hits you.
* * * LOW HITPOINT WARNING * * *
You feel drained.
* * * LOW HITPOINT WARNING * * *
The acid dragon bites you!
* * * LOW HITPOINT WARNING * * *
The acid dragon claws you but does no damage.
Aiming: Paralyse
Press: ? - help, Shift-Dir - straight line, f/p - acid dragon
Aim: an acid dragon (heavily wounded, strong, very poisoned, chance to affect: 49%)
The acid dragon resists with some effort.
The acid dragon spits acid at you. The splash of acid hits you!!
You die...
Xom titters!

##...##...........## 8.
#..####.#..........### .. ..##
##...............# # .##
##............#...$ ##
#.....>.........#.. #
#.#...........## #
###.#...._.<.....# ###..
###..............#.#####......
........##......@DY...Y...#
#######.#####..##n####.##.#
######.####..##.8.# ?...
##...........##...##..####
#.....†.....##...##.D.
...........##...##...#
..........++.8.++....
...........##...##...
............##...##


You could see an acid dragon (strong, poisoned, catching breath), 2 ice beasts
and a necrophage.

Vanquished Creatures
  Pikel (D:4)
  A wyvern (D:6)
  A fire bat (D:5)
  An ogre (D:5)
  3 ice beasts
  2 black bears
  2 necrophages (D:5)
  A lemure (D:3)
  2 phantoms
  A bullfrog (D:5)
  2 scorpions (D:6)
  A water moccasin zombie (D:5)
  A bullfrog zombie (D:5)
  2 hounds
  2 orc priests (D:6)
  3 jellies
  A bullfrog skeleton (D:6)
  2 iguanas (D:4)
  Jessica (D:3)
  Natasha (thrice) (D:2)
  2 orc wizards (D:6)
  4 adders
  A howler monkey skeleton (D:5)
  2 ufetubi
  3 worms (D:3)
  A dart slug (D:4)
  13 orcs
  4 endoplasms
  7 goblins
  11 hobgoblins
  2 jackals (D:1)
  16 kobolds
  A quokka (D:2)
  8 ball pythons
  8 bats
  A frilled lizard (D:1)
  A quokka skeleton (D:4)
  3 rats
121 creatures vanquished.

Vanquished Creatures (collateral kills)
  2 kobolds (D:6)
2 creatures vanquished.

Vanquished Creatures (others)
  3 fungi (D:5)
  4 plants
7 creatures vanquished.

Grand Total: 130 creatures vanquished

Notes
Turn   | Place    | Note
-------+----------+-------------------------------------------
     0 | D:1      | graymark the Naga Chaos Knight began the quest for the Orb.
     0 | D:1      | Reached XP level 1. HP: 21/21 MP: 1/1
    67 | D:1      | Reached skill level 1 in Dodging
    67 | D:1      | Reached XP level 2. HP: 24/28 MP: 2/2
   314 | D:1      | Reached skill level 1 in Stealth
   329 | D:1      | Reached XP level 3. HP: 31/34 MP: 3/3
   336 | D:1      | XOM: noise
   336 | D:1      | Found a faded altar of an unknown god.
   736 | D:1      | XOM: divination: detect creatures
   748 | D:1      | XOM: cloud trail
   852 | D:2      | Noticed Natasha
   852 | D:2      | XOM: 2-stop teleportation journey
   860 | D:2      | XOM: confuse monster(s)
   863 | D:2      | Killed Natasha
   864 | D:2      | Reached XP level 4. HP: 32/42 MP: 4/4
   993 | D:2      | Noticed Natasha
  1000 | D:2      | Killed Natasha
  1332 | D:2      | Noticed Natasha
  1343 | D:2      | Killed Natasha
  1344 | D:2      | Reached XP level 5. HP: 39/50 MP: 5/5
  1443 | D:2      | Identified the +2 ring mail of Cotoaj {Str+3 Stlth+}
  1674 | D:3      | XOM: give mutation
  1674 | D:3      | Gained mutation: Your spells are a little easier to cast,
                  | but a little less powerful. [Xom's mischief]
  1732 | D:3      | Noticed a phantom
  1746 | D:3      | Killed a phantom
  1747 | D:3      | Reached XP level 6. HP: 55/57 MP: 6/6
  1922 | D:3      | XOM: 10-stop teleportation journey
  2181 | D:3      | Noticed Jessica
  2193 | D:3      | XOM: confusion
  2198 | D:3      | Killed Jessica
  2755 | D:3      | XOM: summons 3 hostile shadow creatures
  3265 | D:4      | XOM: god gift: 722 gold pieces
  3508 | D:4      | Noticed Pikel
  3577 | D:4      | XOM: repel stairs
  3584 | D:4      | XOM: potion effect (curing)
  3598 | D:4      | HP: 2/58 [Pikel/+0 whip of flaming (1)]
  3602 | D:4      | Lost mutation: Your spells are a little easier to cast, but
                  | a little less powerful. [potion of mutation]
  3602 | D:4      | Gained mutation: You have a pair of small antennae on your
                  | head. [potion of mutation]
  3602 | D:4      | Gained mutation: Your mind is acute. (Int +2) [potion of
                  | mutation]
  3602 | D:4      | Gained mutation: You can exhale a cloud of poison. [potion
                  | of mutation]
  3602 | D:4      | Gained mutation: Your muscles are strong. (Str +2) [potion
                  | of mutation]
  3604 | D:4      | XOM: swap monsters
  3615 | D:4      | HP: 1/87 [lemure[Pikel] (4)]
  3616 | D:4      | Killed Pikel
  3617 | D:4      | Reached skill level 5 in Fighting
  3617 | D:4      | Reached XP level 7. HP: 1/67 MP: 7/7
  3792 | D:4      | XOM: silly message
  4135 | D:5      | Entered Level 5 of the Dungeon
  4143 | D:5      | Found a staircase to the Ecumenical Temple.
  4155 | D:5      | Reached skill level 5 in Polearms
  4155 | D:5      | Reached XP level 8. HP: 74/74 MP: 8/8
  4544 | D:5      | XOM: give mutations
  4544 | D:5      | Lost mutation: Your mind is acute. (Int +2) [Xom's
                  | mischief]
  4544 | D:5      | Gained mutation: Your body sometimes deteriorates upon
                  | taking damage. [Xom's mischief]
  4544 | D:5      | Gained mutation: You sometimes lose the ability to read
                  | scrolls when taking damage. [Xom's mischief]
  4544 | D:5      | Lost mutation: Your muscles are strong. (Str +2) [Xom's
                  | mischief]
  4556 | D:5      | Identified the +1 robe of the Earth {Drain Fly SInv}
  4677 | D:5      | XOM: 2-stop teleportation journey
  5021 | D:5      | XOM: enchant monster (bad)
  5038 | D:5      | Reached skill level 5 in Stealth
  5085 | D:5      | XOM: 2-stop teleportation journey
  5485 | D:5      | XOM: god gift: Everburning Encyclopedia
  5604 | D:6      | XOM: 2-stop teleportation journey
  5605 | D:6      | XOM: scenery: create altars
  5606 | D:6      | XOM: give mutations
  5606 | D:6      | Gained mutation: You tend to lose your temper in combat.
                  | [Xom's mischief]
  5606 | D:6      | Gained mutation: You are clumsy. (Dex -2) [Xom's mischief]
  5606 | D:6      | Lost mutation: You can exhale a cloud of poison. [Xom's
                  | mischief]
  5705 | D:6      | XOM: summons friendly iron imp
  5723 | D:5      | XOM: swap monsters
  6224 | D:6      | Reached XP level 9. HP: 75/82 MP: 9/9
  6255 | D:6      | XOM: chaos upgrade
  6265 | D:6      | XOM: scenery: summon butterflies
  6588 | D:6      | XOM: polymorph iguana -> scorpion
  6635 | D:6      | XOM: 1-stop teleportation journey
  6701 | D:6      | XOM: confusion (+ monsters)
  6925 | D:6      | XOM: silly message
  6948 | D:6      | XOM: smoke on damage
  7194 | D:6      | XOM: silly message
  7209 | D:6      | Reached skill level 5 in Armour
  7377 | D:6      | XOM: noise
  7384 | D:6      | XOM: confusion
  7389 | D:6      | Killed from afar by an acid dragon

Illustrated notes

Levels and vault maps discovered:
D:1:      kennysheep_arrival_seaside, layout_rooms,
          hellmonk_ecumenical_altar_heavens_door
D:2:      cheibrodos_old_hovel, layout_rooms, uniq_natasha
D:3:      layout_basic, minmay_door_square, hangedman_decor_clover_reticule,
          minmay_splitting_lines, uniq_jessica
D:4:      layout_rooms, uniq_pikel
D:5:      corexii_shack_village, layout_loops_cross, temple_pool_b,
          serial_aquarium, aquarium_bridge_long_joined
          [aquarium_subvault_bridge, aquarium_subvault_bridge,
          aquarium_subvault_window, aquarium_subvault_wall,
          aquarium_subvault_wall, aquarium_subvault_wall], aquarium_window_fake,
          aquarium_window_2, aquarium_window_2, aquarium_view_2g,
          aquarium_view_2b, aquarium_balcony_3b
D:6:      layout_rooms, biasface_ghost_orc_armoury, grunt_decor_arrowhead

Skill      XL: |  1  2  3  4  5  6  7  8  9 |
---------------+----------------------------+-----
Dodging        | 1 2 3 4 |  4.9
Stealth        | 1 2 4 5 6 |  6.3
Armour         | 2 3 4 5 |  5.0
Fighting       | 4 5 6 |  6.6
Polearms       | 4 5 6 |  6.6

Action                   |  1- 3 |  4- 6 |  7- 9 || total
-------------------------+-------+-------+-------++-------
Melee: Spear             |    76 |   171 |   347 ||   594
       Punch             |       |     4 |     5 ||     9
 Fire: Hunting sling     |       |       |     2 ||     2
 Abil: Spit Poison       |     5 |       |       ||     5
Evoke: Wand              |       |       |     8 ||     8
  Use: Potion            |       |     7 |     1 ||     8
       Scroll            |       |       |     2 ||     2
 Stab: Sleeping          |     1 |     9 |    15 ||    25
       Confused          |     1 |     1 |     2 ||     4
       Paralysed         |       |     5 |     9 ||    14
Armor: Leather armour    |    26 |    10 |       ||    36
       Ring mail         |       |    44 |   169 ||   213
Dodge: Dodged            |    32 |    60 |   149 ||   241
